AoeStats
← quentin-tardy

Arena

509806388Analyzed
4v4 RM · 5d ago on Sep 28, 2026· 63m 16s· 8 players
Game mode
Random Map
Map size
Large (8 player)
Population
200
Speed
Normal
Resources
Standard
Victory
Conquest
Starting age
Dark Age
Ending age
Imperial Age
RankedLock teamsTeams togetherTeam positionsShared explorationLock speedFull tech treeHidden civsTurbo modeCheats
Victory
Defeat
🇻🇪 Khmer · Venezuela
1202
+15
🇨🇴 Romans · Colombia
1024
+14
🇮🇳 Britons · India
1023
+14
🇪🇸 Cumans · Spain
601
+29
🇨🇳 Turks · China
986
-16
🇲🇽 Britons · Mexico
985
-16
🇫🇷 Danes · France
961
-16
🇲🇽 Persians · Mexico
956
-16
DEEP DARK FANTASY
12:30 Feudal Age
12:56 Horse Collar
13:02 Double-Bit Axe
18:16 Castle Age
17:06 Stone Mining
19:38 Wheelbarrow
19:19 Bow Saw
19:10 Heavy Plow
22:04 Loom
27:07 Gold Mining
29:13 Gold Shaft Mining
29:54 Hand Cart
30:15 Bloodlines
30:07 Husbandry
34:10 Imperial Age
32:55 Padded Archer Armor
34:29 Leather Archer Armor
34:15 Scale Mail Armor
35:19 Conscription
35:47 Artillery
37:37 Chain Mail Armor
37:52 Ring Archer Armor
37:48 Ballistics
37:09 Treadmill Crane
37:25 Town Watch
40:10 Two-Man Saw
39:56 Fortified Wall
41:03 Forging
40:58 Scale Barding Armor
41:13 Elite Janissary
43:04 Iron Casting
49:48 Blast Furnace
49:08 Chain Barding Armor
49:19 Plate Mail Armor
52:08 Plate Barding Armor
52:00 Sanctity
51:51 Fervor
quentin-tardy
10:18 Feudal Age
10:24 Feudal Age
13:02 Wheelbarrow
12:14 Double-Bit Axe
12:11 Horse Collar
15:55 Castle Age
16:50 Heavy Plow
17:47 Bow Saw
21:29 Loom
25:28 Scale Mail Armor
25:38 Forging
26:46 Chain Mail Armor
27:51 Hand Cart
30:07 Imperial Age
30:45 Imperial Age
28:51 Stone Mining
28:52 Gold Mining
31:55 Chain Mail Armor
32:09 Murder Holes
32:28 Masonry
32:23 Squires
32:09 Arson
32:14 Gambesons
33:09 Gold Shaft Mining
33:11 Stone Shaft Mining
33:06 Onager
34:28 Conscription
34:01 Elite Skirmisher
34:47 Thumb Ring
35:31 Padded Archer Armor
35:21 Fletching
37:15 Bodkin Arrow
37:35 Leather Archer Armor
37:46 Bloodlines
37:37 Husbandry
Parpastoplo
0:29 Loom
11:19 Feudal Age
16:06 Castle Age
13:57 Double-Bit Axe
13:54 Horse Collar
16:59 Bow Saw
17:57 Heavy Plow
20:53 Wheelbarrow
23:39 Hand Cart
26:24 Padded Archer Armor
26:15 Fletching
27:05 Scale Barding Armor
27:11 Forging
28:24 Bloodlines
31:21 Imperial Age
29:33 Leather Archer Armor
29:13 Bodkin Arrow
30:06 Chain Barding Armor
30:14 Kamandaran
30:32 Husbandry
30:49 Crossbowman
32:30 Ring Archer Armor
32:19 Thumb Ring
32:31 Bodkin Arrow
33:26 Conscription
34:25 Plate Barding Armor
34:29 Gold Mining
34:55 Masonry
36:08 Iron Casting
40:09 Blast Furnace
39:36 Light Cavalry
42:24 Elite War Elephant
ing.bio.aaron
3:57 Loom
13:15 Feudal Age
14:51 Double-Bit Axe
17:54 Castle Age
16:53 Scale Barding Armor
17:41 Forging
18:03 Town Watch
18:11 Light Cavalry
19:23 Husbandry
20:00 Sanctity
22:36 Fervor
25:17 Fletching
25:28 Padded Archer Armor
26:12 Bodkin Arrow
28:01 Wheelbarrow
27:57 Leather Archer Armor
28:55 Ballistics
31:15 Fortified Wall
36:08 Imperial Age
34:57 Chain Barding Armor
35:26 Bow Saw
35:08 Gold Mining
35:10 Stone Mining
35:03 Horse Collar
35:47 Hand Cart
36:19 Murder Holes
37:01 Bracer
38:05 Chemistry
37:32 Yeomen
38:41 Ring Archer Armor
38:47 Scale Mail Armor
38:12 Pikeman
38:52 Squires
39:57 Two-Man Saw
39:34 Gold Shaft Mining
39:01 Heavy Plow
38:40 Elite Longbowman
39:41 Conscription
40:36 Chain Mail Armor
39:44 Halberdier
40:37 Siege Engineers
43:28 Plate Mail Armor
45:10 Plate Barding Armor
45:11 Iron Casting
44:29 Cavalier
48:33 Blast Furnace
57:39 Warwolf
Gentle Psycho
10:42 Feudal Age
13:35 Double-Bit Axe
17:54 Horse Collar
24:17 Castle Age
23:21 Loom
24:11 Man-at-Arms
25:32 Stone Mining
25:55 Gold Mining
27:07 Wheelbarrow
27:12 Capped Ram
28:24 Bow Saw
28:16 Heavy Plow
30:21 Hand Cart
31:10 Pikeman
33:32 Elite Skirmisher
34:53 Gold Shaft Mining
36:08 Squires
35:54 Arson
36:17 Scale Barding Armor
36:13 Scale Mail Armor
36:13 Padded Archer Armor
36:04 Fletching
36:24 Forging
38:32 Ballistics
38:08 Crossbowman
38:53 Thumb Ring
39:34 Chain Barding Armor
39:30 Chain Mail Armor
39:30 Leather Archer Armor
39:11 Bodkin Arrow
41:23 Coinage
40:53 Caravan
44:58 Imperial Age
45:03 Iron Casting
45:16 Halberdier
49:47 Two-Man Saw
62:24 Long Swordsman
63:36 Parthian Tactics
62:32 Heavy Cavalry Archer
PetroVick
6:53 Loom
9:35 Feudal Age
14:48 Castle Age
13:00 Double-Bit Axe
13:28 Loom
14:32 Wheelbarrow
13:42 Town Watch
14:01 Town Watch
14:12 Horse Collar
15:42 Bow Saw
15:45 Heavy Plow
23:15 Padded Archer Armor
23:05 Fletching
23:37 Stone Mining
23:37 Gold Mining
25:06 Leather Archer Armor
24:42 Fletching
24:57 Scale Barding Armor
25:13 Forging
25:56 Husbandry
26:06 Bloodlines
27:38 Hand Cart
27:15 Gold Mining
27:43 Town Patrol
29:04 Gold Shaft Mining
29:05 Stone Shaft Mining
33:06 Imperial Age
31:37 Bodkin Arrow
32:26 Ballistics
33:24 Light Cavalry
34:15 Bloodlines
33:59 Heavy Scorpion
35:44 Chemistry
35:07 Double Crossbow
35:03 Hussar
36:14 Chain Barding Armor
35:54 Bracer
36:24 Ring Archer Armor
36:48 Iron Casting
36:06 Guard Tower
37:36 Plate Barding Armor
37:01 Scale Mail Armor
38:05 Cavalier
40:10 Pikeman
40:35 Arson
42:54 Blast Furnace
42:54 Halberdier
56:08 Coinage
55:38 Caravan
Jert
12:03 Feudal Age
11:21 Loom
13:53 Double-Bit Axe
17:24 Castle Age
18:36 Horse Collar
20:11 Squires
23:10 Bow Saw
24:11 Heavy Plow
25:52 Man-at-Arms
26:38 Scale Mail Armor
34:20 Imperial Age
32:44 Long Swordsman
33:44 Chain Mail Armor
33:40 Forging
33:39 Ballistas
34:35 Squires
34:39 Legionary
36:52 Wheelbarrow
36:09 Gold Mining
36:13 Stone Mining
37:01 Conscription
36:21 Heavy Scorpion
39:52 Iron Casting
39:45 Scale Barding Armor
41:42 Blast Furnace
41:48 Chain Barding Armor
41:54 Siege Engineers
42:50 Chemistry
44:34 Hand Cart
50:17 Ballistics
50:09 Masonry
50:12 Fortified Wall
52:03 Plate Barding Armor
51:15 Town Watch
52:04 Crop Rotation
54:48 Comitatenses
54:37 Cavalier
55:21 Husbandry
55:57 Bloodlines
62:06 Guilds
62:51 Caravan
Lala Land
3:06 Loom
12:01 Feudal Age
13:23 Double-Bit Axe
15:44 Castle Age
13:36 Horse Collar
14:33 Gold Mining
16:58 Bow Saw
16:49 Heavy Plow
22:36 Wheelbarrow
23:30 Stone Mining
26:04 Gold Shaft Mining
25:21 Stone Mining
26:18 Hand Cart
27:44 Fletching
27:55 Padded Archer Armor
27:39 Treadmill Crane
30:46 Imperial Age
28:41 Ballistics
27:44 Crossbowman
29:16 Town Watch
29:30 Bodkin Arrow
29:51 Leather Archer Armor
31:12 Town Patrol
31:29 Masonry
31:14 Murder Holes
31:44 Yeomen
32:09 Conscription
32:01 Bracer
32:31 Ring Archer Armor
33:03 Chemistry
32:01 Murder Holes
32:12 Siege Engineers
32:59 Arbalester
35:12 Forging
35:03 Scale Mail Armor
35:19 Pikeman
36:00 Squires
35:46 Arson
38:27 Chain Mail Armor
38:48 Iron Casting
38:31 Elite Longbowman
40:08 Plate Mail Armor
40:38 Blast Furnace
39:00 Halberdier
44:40 Two-Man Saw
43:58 Caravan
44:09 Guilds
58:59 Coinage
63:09 Banking
63:17 Spies/Treason
Connection lost

Rejoining the realm…

Still unreachable

The connection could not be restored.

Session expired

The server has moved on; the page needs a fresh start.